AoeStats
← L.U.C.4

Arena

509612485Analyzed
4v4 RM · 5d ago on Sep 27, 2026· 45m 28s· 8 players
Game mode
Random Map
Map size
Large (8 player)
Population
200
Speed
Normal
Resources
Standard
Victory
Conquest
Starting age
Dark Age
Ending age
Imperial Age
RankedLock teamsTeams togetherTeam positionsShared explorationLock speedFull tech treeHidden civsTurbo modeCheats
Victory
Defeat
🇹🇼 Danes · Taiwan
1058
+13
🇨🇳 Franks · China
1041
+14
🇷🇴 Byzantines · Romania
987
+16
🇨🇳 Turks · China
958
+17
🇫🇷 Gurjaras · France
1081
-18
🇫🇷 Bohemians · France
980
-15
🇫🇷 Japanese · France
979
-15
🇸🇰 Saracens · Slovakia
908
-12
趣味鸡动哥
11:58 Feudal Age
13:18 Loom
16:02 Castle Age
14:24 Double-Bit Axe
14:47 Horse Collar
17:11 Bow Saw
17:04 Heavy Plow
17:47 Wheelbarrow
21:51 Hand Cart
22:42 Stone Mining
23:47 Town Watch
24:20 Gold Mining
29:41 Imperial Age
28:37 Padded Archer Armor
30:23 Elite Janissary
31:29 Conscription
32:45 Hoardings
32:34 Ballistics
33:30 Leather Archer Armor
33:35 Masonry
33:05 Treadmill Crane
35:05 Two-Man Saw
35:17 Ring Archer Armor
35:53 Scale Barding Armor
35:58 Forging
36:23 Architecture
38:40 Artillery
39:19 Bloodlines
39:10 Husbandry
40:16 Heavy Camel Rider
41:18 Chain Barding Armor
41:34 Iron Casting
40:49 Fletching
43:48 Bodkin Arrow
44:29 Plate Barding Armor
44:54 Blast Furnace
44:15 Murder Holes
L.U.C.4
11:02 Feudal Age
15:33 Castle Age
14:22 Loom
14:38 Double-Bit Axe
14:54 Stone Mining
17:32 Wheelbarrow
18:48 Horse Collar
24:06 Fletching
25:26 Bodkin Arrow
25:46 Bow Saw
28:43 Hand Cart
31:12 Imperial Age
30:32 Heavy Plow
32:25 Conscription
33:48 Hoardings
33:30 Logistica
34:47 Scale Barding Armor
34:53 Forging
37:19 Chain Barding Armor
37:35 Iron Casting
37:44 Capped Ram
37:50 Elite Cataphract
38:51 Fervor
39:42 Sanctity
40:41 Caravan
41:33 Plate Barding Armor
41:26 Devotion
42:20 Crop Rotation
42:53 Two-Man Saw
42:08 Thumb Ring
41:25 Elite Skirmisher
41:27 Heavy Cavalry Archer
42:09 Bracer
42:10 Padded Archer Armor
42:12 Scale Mail Armor
42:14 Squires
41:59 Arson
42:33 Gambesons
42:23 Pikeman
43:51 Murder Holes
44:09 Fortified Wall
44:22 Ballistics
45:48 Chain Mail Armor
45:48 Leather Archer Armor
pacoyyds
12:28 Feudal Age
13:14 Double-Bit Axe
16:20 Castle Age
17:34 Bow Saw
20:14 Fervor
21:59 Stone Mining
23:52 Wheelbarrow
25:02 Gold Mining
25:26 Loom
28:10 Hand Cart
27:42 Town Watch
30:38 Imperial Age
28:47 Forging
28:42 Scale Barding Armor
29:46 Gold Shaft Mining
29:49 Town Patrol
30:36 Iron Casting
30:45 Fortified Wall
30:46 Masonry
31:22 Fletching
32:35 Blast Furnace
31:56 Chain Barding Armor
32:17 Conscription
32:02 Husbandry
31:52 Cavalier
32:37 Treadmill Crane
33:29 Architecture
32:55 Murder Holes
32:47 Arrowslits
34:34 Chemistry
33:31 Bodkin Arrow
33:37 Padded Archer Armor
35:10 Plate Barding Armor
33:58 Paladin
35:08 Chivalry
43:07 Leather Archer Armor
43:15 Ballistics
43:03 Siege Engineers
chenjim19850924
10:35 Feudal Age
14:10 Castle Age
13:07 Stone Mining
13:07 Double-Bit Axe
21:45 Gold Mining
29:31 Imperial Age
26:48 Loom
26:49 Town Watch
32:27 Conscription
32:43 Squires
32:28 Arson
32:33 Gambesons
34:04 Horse Collar
34:32 Elite Varangian Guard
37:30 Wheelbarrow
36:56 Town Patrol
38:11 Onager
40:16 Siege Onager
41:07 Northmen's Fury
Siller
10:35 Feudal Age
17:05 Castle Age
15:55 Man-at-Arms
17:18 Forging
16:55 Horse Collar
18:31 Double-Bit Axe
18:48 Long Swordsman
21:08 Gambesons
21:27 Scale Mail Armor
22:39 Heavy Plow
25:35 Iron Casting
26:15 Bow Saw
26:29 Chain Mail Armor
28:23 Squires
28:59 Gold Mining
28:59 Stone Mining
31:13 Wheelbarrow
36:08 Imperial Age
36:40 Loom
37:17 Pikeman
39:14 Blast Furnace
38:44 Plate Mail Armor
42:16 Two-Handed Swordsman
43:03 Champion
Kim jong-un
9:57 Feudal Age
14:01 Castle Age
12:07 Double-Bit Axe
13:14 Gold Mining
14:54 Bow Saw
18:59 Horse Collar
20:03 Fletching
21:52 Husbandry
22:41 Bloodlines
24:17 Thumb Ring
26:07 Padded Archer Armor
26:04 Bodkin Arrow
28:28 Ballistics
28:29 Loom
29:21 Wheelbarrow
28:32 Loom
28:33 Town Watch
32:59 Imperial Age
30:49 Hand Cart
33:16 Imperial Age
32:48 Gold Shaft Mining
33:44 Leather Archer Armor
35:04 Chemistry
35:24 Bracer
35:34 Heavy Plow
35:56 Elite Elephant Archer
37:40 Conscription
39:17 Stone Mining
43:02 Frontier Guards
PUR Vortex
10:48 Feudal Age
15:18 Castle Age
18:46 Double-Bit Axe
25:37 Wheelbarrow
28:31 Wagenburg Tactics
29:40 Hand Cart
30:14 Bow Saw
30:09 Town Watch
30:29 Loom
35:47 Imperial Age
35:32 Town Patrol
36:41 Chemistry
35:45 Scale Mail Armor
35:58 Forging
37:16 Chain Mail Armor
37:24 Conscription
36:29 Elite Hussite Wagon
37:00 Pikeman
37:44 Squires
39:04 Halberdier
40:32 Iron Casting
Fireman
0:31 Loom
11:34 Feudal Age
12:12 Horse Collar
12:21 Double-Bit Axe
17:11 Stone Mining
19:54 Castle Age
21:02 Bow Saw
22:46 Wheelbarrow
24:04 Hand Cart
24:27 Heavy Plow
25:06 Gold Mining
31:05 Imperial Age
29:47 Fletching
31:13 Masonry
31:24 Ballistics
33:17 Bloodlines
33:08 Husbandry
32:30 Light Cavalry
33:54 Scale Barding Armor
34:00 Forging
35:45 Hussar
38:23 Iron Casting
Connection lost

Rejoining the realm…

Still unreachable

The connection could not be restored.

Session expired

The server has moved on; the page needs a fresh start.